 Dungeon Crawl Stone Soup version 0.28-a0-697-g47f3eba078 (webtiles) character file.

Game seed: 2141935062152475553

45 ytrimaz the Covered (level 3, -2/30 HPs)
             Began as a Formicid Fighter on Oct 24, 2021.
             Slain by a goblin (4 damage)
             ... led by Robin
             ... on level 2 of the Dungeon.
             The game lasted 00:02:01 (1240 turns).

ytrimaz the Covered (Formicid Fighter)              Turns: 1240, Time: 00:02:02

Health: -2/30      AC:  7    Str: 21    XL:     3   Next: 90%
Magic:  3/3        EV:  9    Int:  7    God:
Gold:   29         SH:  4    Dex: 10    Spells: 2/2 levels left

rFire   . . .      SeeInvis +   a - +0 war axe
rCold   . . .      Faith    .   c - +0 buckler
rNeg    . . .      Spirit   .   b - +0 scale mail
rPois   .          Reflect  .   (helmet unavailable)
rElec   .          Harm     .   f - scarf {shadows}
rCorr   .          Rampage  .   (no gloves)
Will    .....                   (no boots)
Stlth   ..........              (no amulet)
HPRegen 0.10/turn               (no ring)
MPRegen 0.08/turn               (no ring)

@: mighty
A: permanent stasis, dig shafts and tunnels, antennae 3, four strong arms
a: Dig, Shaft Self


You were on level 2 of the Dungeon.
You visited 1 branch of the dungeon, and saw 2 of its levels.

You collected 29 gold pieces.

Inventory:

Hand Weapons
 a - a +0 war axe (weapon)
Armour
 b - a +0 scale mail (worn)
 c - a +0 buckler (worn)
 e - a +0 tower shield
 f - a scarf of shadows (worn)


   Skills:
 + Level 3.7 Fighting
 + Level 2.9 Axes
 + Level 3.9 Armour
 - Level 3.6 Shields


You had 2 spell levels left.
You didn't know any spells.
Your spell library contained the following spells:

 Spells                   Type           Power      Damage    Failure   Level
 Conjure Flame            Conj/Fire      0%         6-21      98%         3
 Ignite Poison            Fire/Tmut/Pois 0%         N/A       98%         3
 Sticky Flame             Conj/Fire      0%         2d3       100%        4


Dungeon Overview and Level Annotations

Branches:
Dungeon (2/15)

Altars:
Fedhas

Shops:
D:1 ?:

Annotations:
D:2 Robin


Innate Abilities, Weirdness & Mutations

You cannot be hasted, slowed, berserked, paralysed or teleported.
You can dig through walls and to a lower floor.
You have a pair of large antennae on your head. (SInv)
Your four strong arms can wield two-handed weapons with a shield.


Message History

You barely miss the goblin. You hit the goblin.
You kill the goblin!
Robin throws the goblin at you! The goblin misses you.
The goblin hits you but does no damage.
You feel drained. The goblin closely misses you.
You barely miss the goblin. You slash the goblin!
You kill the goblin!
You slash the goblin!
You kill the goblin!
You barely miss the goblin. Robin throws the goblin at you!
* * * LOW HITPOINT WARNING * * *
The goblin hits you with a +0 club.
* * * LOW HITPOINT WARNING * * *
A hobgoblin comes into view.
The goblin unwields a +0 hunting sling.
The goblin wields a +0 dagger.
The goblin hits you but does no damage. You block the goblin's attack.
Robin throws the goblin at you! You block the goblin's attack.
Your life force feels restored.
The hobgoblin shouts!
You slash the goblin!
You kill the goblin!
You closely miss the goblin. You barely miss the goblin.
You closely miss the goblin. The goblin barely misses you.
The goblin hits you with a +0 dagger.
* * * LOW HITPOINT WARNING * * *
The goblin closely misses you. You block the jackal's attack.
The goblin hits you with a +0 club.
* * * LOW HITPOINT WARNING * * *
Unknown command.
Okay, then.
You aren't carrying any potions.
Unknown command.
You slash the jackal!
You kill the jackal!
You slash the goblin!
You kill the goblin!
You barely miss the goblin. You slash the goblin!
You kill the goblin!
The goblin hits you with a +0 club.
You die...

..# . ..#
..♣..#
.....
..♣..w####
.....g)).#
#@#.#
##g.# #..#
#..# #.#.#
...#.#
...#.#.#
####.#.#
#.#.#


You could see a worm, Robin and a goblin (strong).

Vanquished Creatures
  A worm (D:2)
  A giant cockroach (D:1)
  13 goblins
  3 hobgoblins
  4 jackals (D:2)
  A quokka (D:1)
  6 ball pythons (D:1)
  3 bats (D:1)
  A frilled lizard (D:1)
  5 kobolds (D:1)
  5 rats
43 creatures vanquished.

Vanquished Creatures (others)
  4 toadstools (D:1)
4 creatures vanquished.

Grand Total: 47 creatures vanquished

Notes
Turn   | Place    | Note
-------+----------+-------------------------------------------
     0 | D:1      | ytrimaz the Formicid Fighter began the quest for the Orb.
     0 | D:1      | Reached XP level 1. HP: 18/18 MP: 1/1
    11 | D:1      | Found Sall's Book Emporium.
   251 | D:1      | Reached XP level 2. HP: 11/24 MP: 2/2
   528 | D:1      | Found Faexixka's Magic Scroll Shoppe.
   881 | D:1      | Reached XP level 3. HP: 28/30 MP: 3/3
  1199 | D:2      | Found a blossoming altar of Fedhas.
  1229 | D:2      | Noticed Robin
  1240 | D:2      | Slain by a goblin

Illustrated notes

Levels and vault maps discovered:
D:1:      ldierk_walled_garden_2, layout_basic, serial_shops, shop,
          nicolae_shop_stone
D:2:      layout_loops_ring, ebering_ecumenical_altar_webs, basic_altar,
          grunt_decor_resistance, grunt_ministairs_9, minmay_door_square,
          uniq_robin

Action                   || total
-------------------------++-------
Melee: War axe           ||    91
 Abil: Dig               ||     2
  Use: Scroll            ||     1
       Potion            ||     1
Armor: Scale mail        ||    63
Dodge: Dodged            ||    63
Block: Buckler           ||    29

Table legend: (Time is in decaauts)
 A = Elapsed time spent in this place.
 B = Non-inter-level travel time spent in this place.
 C = Inter-level travel time spent in this place.
 D = Time resting spent in this place.
 E = Time spent auto-exploring this place.
 F = Levels seen in this place.
 G = Mean time per level.
                   A        B        C        D        E       F      G
               +--------+--------+--------+--------+--------+-----+--------+
         Total |   1275 |   1261 |     14 |    149 |    770 |   2 |  637.5 |
       Dungeon |   1275 |   1261 |     14 |    149 |    770 |   2 |  637.5 |
               +--------+--------+--------+--------+--------+-----+--------+

Top non-repeatable levels by time:
     D:1: 961 daAuts
     D:2: 313 daAuts
